 Dungeon Crawl Stone Soup version 0.28-a0-239-g68911e0c57 (webtiles) character file.

Game seed: 18260810937632916278

36 PentaManta the Cudgeller (level 3, -1/23 HPs)
             Began as a Gargoyle Monk on Aug 23, 2021.
             Slain by an iron imp (8 damage)
             ... summoned by Natasha
             ... on level 2 of the Dungeon.
             The game lasted 00:02:40 (1913 turns).

PentaManta the Cudgeller (Gargoyle Monk)            Turns: 1913, Time: 00:02:41

Health: -1/23      AC:  7    Str: 15    XL:     3   Next: 37%
Magic:  3/3        EV: 11    Int: 10    God:
Gold:   61         SH:  3    Dex: 12    Spells: 2/2 levels left

rFire   . . .      SeeInvis .   c - +0 whip
rCold   . . .      Faith    .   j - +0 buckler
rNeg    + . .      Spirit   .   l - +0 leather armour
rPois   ∞          Reflect  .   k - +0 helmet
rElec   +          Harm     .   (no cloak)
rCorr   .          Rampage  .   (no gloves)
Will    .....                   (no boots)
Stlth   ++........              (no amulet)
HPRegen 0.07/turn               (no ring)
MPRegen 0.08/turn               (no ring)

@: no status effects
A: sickness immunity, AC +3, negative energy resistance 1, electricity
resistance, torment resistance 1, petrification resistance
a: no special abilities


You were on level 2 of the Dungeon.
You visited 1 branch of the dungeon, and saw 2 of its levels.

You collected 61 gold pieces.

Inventory:

Hand Weapons
 a - a +0 mace
 c - a +0 whip (weapon)
Armour
 b - a +0 robe
 j - a +0 buckler (worn)
 k - a +0 helmet (worn)
 l - a +0 leather armour (worn)
Jewellery
 m - a +4 ring of evasion
Scrolls
 d - a scroll of enchant weapon {unknown}
 g - a scroll of noise {unknown}
 h - a scroll of enchant armour {unknown}
 i - a scroll of blinking {unknown}
 n - a scroll of teleportation {unknown}
Potions
 e - a potion of attraction {unknown}
 f - a potion of heal wounds {unknown}


   Skills:
 - Level 3.2 Fighting
 + Level 4.2 Maces & Flails
 - Level 2.4 Dodging
 - Level 2.1 Stealth
 + Level 0.9 Shields


You had 2 spell levels left.
You didn't know any spells.
Your spell library was empty.

Dungeon Overview and Level Annotations

Branches:
Dungeon (2/15)

Altars:

Annotations:
D:1 1 runed translucent door
D:2 Natasha


Innate Abilities, Weirdness & Mutations

You are immune to sickness and miasma.
Your stone body is resilient. (AC +3)
You are immune to poison.
You resist negative energy. (rN+)
You are resistant to electric shocks. (rElec)
You are resistant to unholy torment.
You are immune to petrification.


Message History

You hit the hobgoblin.
You kill the hobgoblin!
No target in view!
No target in view!
No target in view!
No target in view!
HP restored.
You see here a +0 leather armour.
You see here a +0 leather armour.
You see here a +0 club.
A kobold comes into view. It is wielding a +0 club.
A kobold is nearby!
The kobold shouts!
Natasha, Servant of Life and Death comes into view.
She is carrying a wand of flame (16).
Natasha hisses angrily.
Natasha mumbles some strange words.
The kobold hits you but does no damage.
You hit the kobold.
You kill the kobold!
Things that are here:
a +0 club; a kobold corpse Natasha zaps a wand.
The puff of flame hits you!
You closely miss Natasha.
Natasha zaps a wand.
The puff of flame hits you but does no damage.
The iron imp hits you!
You hit Natasha.
Natasha is lightly wounded.
Natasha closely misses you. The iron imp hits you.
You barely miss Natasha.
Natasha is lightly wounded.
Natasha zaps a wand.
The puff of flame misses you.
You barely miss Natasha.
Natasha is lightly wounded.
The iron imp barely misses you.
Natasha stares at you and mumbles some strange words.
You resist with significant effort.
You closely miss Natasha.
Natasha is lightly wounded.
The iron imp hits you!
You die...

####### ### ..
#.....#.# # ..
.....#.....#
#.##.##.#..
#.#.#.##### #.#.....#.
#.#.#.....# #........#
#.#...#.#.# #...^....+
#<......#.# #....h5.#
#.###.#.#.# #....@..#
#...#...#.# #....)..#
####.#.#...# #.......#
#......#.###
#.......###.##...#####
#####.......##......##
#.......##.#.##.##
#.......##.#.##.##
#.†........#......
####).....########.##


You could see an iron imp (summoned) and Natasha.

Vanquished Creatures
  2 dart slugs (D:1)
  5 ball pythons (D:1)
  2 endoplasms (D:1)
  A giant cockroach (D:1)
  5 goblins
  3 hobgoblins
  A quokka (D:1)
  6 bats (D:1)
  A frilled lizard (D:1)
  A kobold (D:2)
  3 rats (D:1)
30 creatures vanquished.

Notes
Turn   | Place    | Note
-------+----------+-------------------------------------------
     0 | D:1      | PentaManta the Gargoyle Monk began the quest for the Orb.
     0 | D:1      | Reached XP level 1. HP: 14/14 MP: 1/1
     0 | D:1      | Noticed a jelly
     2 | D:1      | Found a runed translucent door.
   376 | D:1      | Reached XP level 2. HP: 16/19 MP: 2/2
  1052 | D:1      | Reached skill level 4 in Maces & Flails
  1403 | D:1      | Reached XP level 3. HP: 21/23 MP: 3/3
  1904 | D:2      | Noticed Natasha
  1913 | D:2      | Slain by an iron imp

Illustrated notes

Levels and vault maps discovered:
D:1:      dpeg_arrival_caged_fury, layout_loops_cross, grunt_decor_one_mirror,
          grunt_decor_mini_mirrors, minmay_octomino_e4
D:2:      layout_basic, shapermc_ecumenical_altar_notcrosses, uniq_natasha

Skill      XL: |  1  2 |
---------------+-------+-----
Maces & Flails | 4 |  4.2
Fighting       | |  3.2
Dodging        | |  2.4
Stealth        | |  2.1
Shields        | |  0.9

Action                   || total
-------------------------++-------
Melee: Mace              ||    15
       Whip              ||   121
 Stab: Sleeping          ||     3
Armor: Robe              ||    29
       Leather armour    ||    32
Dodge: Dodged            ||    88
Block: Buckler           ||     9

Table legend: (Time is in decaauts)
 A = Elapsed time spent in this place.
 B = Non-inter-level travel time spent in this place.
 C = Inter-level travel time spent in this place.
 D = Time resting spent in this place.
 E = Time spent auto-exploring this place.
 F = Levels seen in this place.
 G = Mean time per level.
                   A        B        C        D        E       F      G
               +--------+--------+--------+--------+--------+-----+--------+
         Total |   1907 |   1855 |     52 |    841 |    684 |   2 |  953.5 |
       Dungeon |   1907 |   1855 |     52 |    841 |    684 |   2 |  953.5 |
               +--------+--------+--------+--------+--------+-----+--------+

Top non-repeatable levels by time:
     D:1: 1738 daAuts
     D:2: 168 daAuts
